 Dungeon Crawl Stone Soup version 0.21-a0-273-g0785366 (webtiles) character file.

144 4thArraOfDagon the Skirmisher (level 5, 0/46 HPs)
             Began as a Formicid Abyssal Knight on Sept 16, 2017.
             Was a Follower of Lugonu.
             Slain by a bullfrog (3 damage)
             ... on level 7 of the Dungeon.
             The game lasted 00:04:26 (932 turns).

4thArraOfDagon the Skirmisher (FoAK)                 Turns: 932, Time: 00:04:27

Health: 0/46       AC:  6    Str: 14    XL:     5   Next: 52%
Magic:  7/7        EV: 11    Int: 13    God:    Lugonu [*.....]
Gold:   59         SH:  0    Dex: 10    Spells: 4/4 levels left

rFire    . . .     SeeInvis +   a - +1 hand axe
rCold    . . .     Gourm    .   (no shield)
rNeg     . . .     Faith    .   m - +0 ring mail
rPois    .         Spirit   .   (helmet unavailable)
rElec    .         Reflect  .   i - +0 cloak
rCorr    .         Harm     .   (no gloves)
MR       .....                  (no boots)
Stlth    ..........             (no amulet)
HPRegen  0.15/turn              (no ring)
MPRegen  0.10/turn              (no ring)

@: no status effects
A: permanent stasis, dig shafts and tunnels, four strong arms, antennae 3,
robust 1, weak 1
a: Dig, Shaft Self, Depart the Abyss, Renounce Religion


You were on level 7 of the Dungeon.
You worshipped Lugonu.
Lugonu was aware of your devotion.
You were not hungry.

You visited 1 branch of the dungeon, and saw 7 of its levels.
You visited the Abyss 1 time.

You collected 59 gold pieces.

Inventory:

Hand Weapons
 a - a +1 hand axe (weapon)
Armour
 b - a +0 leather armour
 i - a +0 cloak (worn)
 m - a +0 ring mail (worn)
Scrolls
 e - a scroll of blinking {unknown}
 g - a scroll of identify {unknown}
 h - a scroll of amnesia {unknown}
 j - a scroll of remove curse {unknown}
 l - 2 scrolls of teleportation {unknown}
Comestibles
 c - a bread ration
 k - a meat ration


   Skills:
 + Level 3.8 Fighting
 * Level 3.8 Axes
 - Level 2.1 Armour
 + Level 1.9 Dodging
 + Level 3.5 Invocations


You had 4 spell levels left.
You didn't know any spells.

Dungeon Overview and Level Annotations

Branches:
Dungeon (7/15)             Temple (0/1) D:6

Altars:
Ashenzari
Qazlal
Ru
Sif Muna
Uskayaw
Zin

Shops:
D:5 *


Innate Abilities, Weirdness & Mutations

You cannot be hasted, slowed, berserked, paralysed or teleported.
You can dig through walls and to a lower floor.
Your four strong arms can wield two-handed weapons with a shield.
You have a pair of large antennae on your head. (SInv)
You are robust. (+10% HP)
You are weak. (Str -2)


Message History

* * * LOW HITPOINT WARNING * * *
You hit the bullfrog.
The bullfrog is moderately wounded.
The bullfrog hits you.
* * * LOW HITPOINT WARNING * * *
The bullfrog hits you.
* * * LOW HITPOINT WARNING * * *
You closely miss the bullfrog.
The bullfrog is moderately wounded.
The bullfrog hits you.
* * * LOW HITPOINT WARNING * * *
You hit the bullfrog.
The bullfrog is heavily wounded.
The bullfrog misses you.
The bullfrog hits you but does no damage.
You barely miss the bullfrog.
The bullfrog is heavily wounded.
The bullfrog hits you but does no damage.
The bullfrog hits you.
You die...

# ##.#######
#........#
#....F...#
#.....@..#
#....$........
..........#....
........### #..
...##.... . ##
#.#.. #....
......


You could see a bullfrog.

Vanquished Creatures
  Dowan (D:5)
  A bullfrog zombie (D:5)
  A jelly (D:6)
  2 gnolls (D:6)
  A leopard gecko (D:6)
  A bat (D:3)
  A hobgoblin (D:2)
  4 jackals (D:6)
  2 frilled lizards (D:2)
  A goblin (D:2)
  A kobold (D:2)
  A quokka skeleton (D:6)
17 creatures vanquished.

Notes
Turn   | Place    | Note
-------+----------+-------------------------------------------
     0 | Abyss:1  | 4thArraOfDagon the Formicid Abyssal Knight began the quest for the Orb.
     0 | Abyss:1  | Reached XP level 1. HP: 18/18 MP: 2/2
    32 | Abyss:1  | Noticed a small abomination
    57 | Abyss:1  | Noticed a small abomination
    76 | Abyss:1  | Noticed a necromancer
    78 | D:1      | Escaped the Abyss
   140 | D:2      | Reached skill level 1 in Dodging
   168 | D:2      | Gained mutation: You are weak. (Str -2) [potion of mutation]
   168 | D:2      | Gained mutation: You are robust. (+10% HP) [potion of mutation]
   306 | D:3      | You fall through a shaft for 2 floors!
   306 | D:5      | Entered Level 5 of the Dungeon
   331 | D:4      | Noticed an orc priest
   359 | D:5      | Found Lodghidoll's Assorted Antiques.
   359 | D:5      | Noticed an orc warrior
   373 | D:5      | You fall through a shaft!
   392 | D:6      | Reached XP level 2. HP: 14/26 MP: 3/3
   448 | D:6      | Reached * piety under Lugonu
   485 | D:6      | Found a hide-covered altar of Uskayaw.
   514 | D:6      | Reached XP level 3. HP: 20/31 MP: 3/5
   551 | D:6      | Reached XP level 4. HP: 28/38 MP: 6/6
   654 | D:6      | Found a staircase to the Ecumenical Temple.
   731 | D:5      | HP: 1/38 [bullfrog zombie (1)]
   750 | D:5      | Noticed Dowan
   766 | D:5      | Killed Dowan
   766 | D:5      | Reached XP level 5. HP: 7/46 MP: 7/7
   772 | D:5      | Found a shattered altar of Ashenzari.
   772 | D:5      | Found a sacrificial altar of Ru.
   772 | D:5      | Found a glowing silver altar of Zin.
   772 | D:5      | Noticed a necrophage
   773 | D:5      | Found a deep blue altar of Sif Muna.
   774 | D:5      | Found a stormy altar of Qazlal.
   890 | D:6      | Noticed a bullfrog
   930 | D:7      | HP: 2/46 [bullfrog (4)]
   932 | D:7      | Slain by a bullfrog

Vault maps used:
D:1:      dpeg_arrival_tiny_a, kennysheep_crisscross, minmay_misc_feat_tower,
          grunt_decor_one_mirror
D:2:      uniq_terence
D:3:      tso_altar, uniq_jessica
D:4:      lemuel_upstairs_altar, old_standard_altar,
          nicolae_overflow_crystal_walls
D:5:      nicolae_overflow_hidden_temple, first_bread, roderic_lattice_a,
          kennysheep_diamond, uniq_duvessa
D:6:      eat_drink_and_be_merry_uskayaw, minmay_temple_entry_junction,
          nicolae_for_you_no_charge
D:7:      minivault_26

Skill      XL: |  1  2  3 |
---------------+----------+-----
Dodging        | 1 |  1.9
Axes           | 3 |  3.8
Invocations    | 3 |  3.5
Fighting       | |  3.8
Armour         | |  2.1

Action                   |  1- 3 |  4- 6 || total
-------------------------+-------+-------++-------
Melee: Hand axe          |    55 |    31 ||    86
Throw: Throwing net      |       |     1 ||     1
Invok: Depart the Abyss  |     1 |       ||     1
 Abil: Dig               |     2 |     3 ||     5
       Shaft Self        |     2 |       ||     2
  Use: Potion            |     4 |     1 ||     5
  Eat: Fruit             |       |     5 ||     5
Armor: Leather armour    |    17 |     5 ||    22
       Skin              |    14 |       ||    14
       Ring mail         |       |     7 ||     7
Dodge: Dodged            |    38 |    20 ||    58

Table legend:
 A = Spawn XP
 B = Non-spawn XP
 C = Spawn XP percentage of total XP
 D = Spawn monster count
 E = Non-spawn monster count
 F = Spawn count percentage of total count
 G = Total turns spent on level
                    A         B        C        D         E        F      G
               +---------+---------+-------+---------+---------+-------+---------
         Total |       0 |     207 |   0.0 |       0 |      17 |   0.0 |   932
               +---------+---------+-------+---------+---------+-------+---------
           D:2 |       0 |       6 |   0.0 |       0 |       5 |   0.0 |   116
           D:3 |       0 |       2 |   0.0 |       0 |       1 |   0.0 |    66
           D:5 |       0 |     119 |   0.0 |       0 |       2 |   0.0 |   108
           D:6 |       0 |      80 |   0.0 |       0 |       9 |   0.0 |   477
               +---------+---------+-------+---------+---------+-------+---------
